 Dungeon Crawl Stone Soup version 0.26-a0-1080-g4c0aae810e (webtiles) character file.

Game seed: 15294314136185470580

26477 tilp the Frost Mage (level 12, -4/106 HPs)
             Began as a Yellow Draconian Ice Elementalist on Dec 13, 2020.
             Was a High Priest of Nemelex Xobeh.
             Slain by a freezing wraith (10 damage)
             ... in an ice cave on Dec 14, 2020.
             The game lasted 00:48:30 (15790 turns).

tilp the Frost Mage (DrIE)                         Turns: 15790, Time: 00:48:30

Health: -4/106     AC: 11    Str: 11    XL:     12   Next: 98%
Magic:  24/24      EV: 16    Int: 25    God:    Nemelex Xobeh [*****.]
Gold:   737        SH:  0    Dex: 13    Spells: 8/27 levels left

rFire    x . .     SeeInvis .   a - +3 whip (elec)
rCold    + . .     Faith    .   (no shield)
rNeg     . . .     Spirit   .   (armour unavailable)
rPois    .         Reflect  .   (helmet restricted)
rElec    .         Harm     .   O - scarf {repulsion}
rCorr    +         Rampage  .   E - +2 pair of gloves
Will     .....                  (no boots)
Stlth    ++........             n - amulet of regeneration
HPRegen  0.67/turn              w - +6 ring of intelligence
MPRegen  0.19/turn              k - ring of ice

@: short of breath, slowed, repel missiles, very slow
A: spit acid, unfitting armour, cold-blooded, acid resistance, AC +8
a: Breathe Acid, Draw Escape, Draw Destruction, Draw Summoning, Triple Draw,
Deal Four, Stack Five, Renounce Religion


You were in an ice cave.
You worshipped Nemelex Xobeh.
Nemelex Xobeh was extremely pleased with you.
You visited 2 branches of the dungeon, and saw 13 of its levels.
You also visited: Ice Cave.

You collected 1101 gold pieces.
You spent 364 gold pieces at shops.

Inventory:

Hand Weapons
 a - a +3 whip of electrocution (weapon)
 b - the +3 falchion of Pimyir {flame, *Corrode rElec rPois Dex+10}
   (You found it on level 7 of the Dungeon)

   It has been specially enchanted to burn those struck by it, causing extra
   injury to most foes and up to half again as much damage against particularly
   susceptible opponents.
   Big, fiery blades are also staple armaments of hydra-hunters.
   It affects your dexterity (+10).
   It insulates you from electricity.
   It protects you from poison.
   It may corrode you when you take damage.
 x - a +2 broad axe of draining
Missiles
 c - 20 poisoned darts (quivered)
 e - 4 curare-tipped darts
 f - 7 silver javelins
 r - 7 javelins
 H - 3 boomerangs of dispersal
 I - 5 throwing nets {!f}
Armour
 i - a +0 kite shield
 s - a +0 buckler
 E - a +2 pair of gloves (worn)
 O - a scarf of repulsion (worn)
Jewellery
 k - a ring of ice (right hand)
 m - a +4 ring of protection
 n - an amulet of regeneration (around neck)
 w - a +6 ring of intelligence (left hand)
 G - an uncursed ring of ice
 J - an uncursed ring of positive energy
 Q - an uncursed ring of positive energy
Wands
 u - a wand of flame (35)
 y - a wand of disintegration (28)
 B - a wand of acid (6)
 L - a wand of iceblast (15)
 T - a wand of paralysis (5)
Scrolls
 g - 9 scrolls of remove curse
 h - a scroll of fog
 j - 3 scrolls of enchant weapon
 l - 3 scrolls of teleportation
 C - 2 scrolls of blinking
 K - 2 scrolls of enchant armour
 V - 2 scrolls of amnesia
Potions
 o - 10 potions of curing
 p - 3 potions of flight
 q - 4 potions of might
 t - 3 potions of mutation
 v - a potion of invisibility
 z - 3 potions of ambrosia
 A - 2 potions of berserk rage
 D - a potion of heal wounds
 F - 2 potions of attraction
 N - 2 potions of brilliance
 P - a potion of haste
 R - 2 potions of lignification
 S - a potion of magic
 U - a potion of experience {unknown}
Miscellaneous
 M - a lightning rod (4/4)


   Skills:
 - Level 10.0 Fighting
 - Level 4.0 Maces & Flails
 - Level 8.0 Dodging
 - Level 4.0 Stealth
 + Level 2.9 Shields
 - Level 8.0 Spellcasting
 + Level 12.3 Ice Magic
 - Level 8.0 Invocations
 - Level 6.0 Evocations


You had 8 spell levels left.
You knew the following spells:

 Your Spells              Type           Power        Failure   Level
a - Freeze                Ice            ####         1%          1
b - Frozen Ramparts       Ice            ######       1%          3
c - Ozocubu's Armour      Ice            #######.     1%          3
d - Corona                Hex            ##.....      6%          1
e - Apportation           Tloc           ##....       6%          1
f - Ensorcelled Hibernat  Hex/Ice        ######       1%          2
g - Hailstorm             Conj/Ice       ######..     4%          4
h - Summon Ice Beast      Ice/Summ       ######..     4%          4

Your spell library contained the following spells:

 Spells                   Type           Power        Failure   Level
 Ice Form                 Ice/Tmut       ######..     4%          4
 Animate Skeleton         Necr           ##....       6%          1
 Beastly Appendage        Tmut           ##....       6%          1
 Summon Small Mammal      Summ           ##..         6%          1
 Wereblood                Tmut           ##......     9%          2
 Metabolic Englaciation   Hex/Ice        ######....   13%         5
 Confusing Touch          Hex            ##......     19%         3
 Dazzling Flash           Conj/Hex       ##....       19%         3
 Gell's Gravitas          Tloc           ##........   19%         3
 Spider Form              Tmut/Pois      ##........   19%         3
 Tukima's Dance           Hex            ##......     19%         3
 Petrify                  Tmut/Erth      ##......     52%         4
 Blade Hands              Tmut           ##........   86%         5
 Yara's Violent Unravell  Hex/Tmut       ##........   86%         5


Dungeon Overview and Level Annotations

Branches:
Dungeon (11/15)            Temple (0/1) D:5            Lair (2/6) D:10
 Spider (0/4) Lair:2        IceCv (1/1)
  Swamp: Lair:2-4    Shoals: Lair:2-4       Orc: D:9-12

Altars:
Ashenzari
Cheibriados
Dithmenos
Elyvilon
Fedhas
Gozag
Hepliaklqana
Makhleb
Nemelex Xobeh
Qazlal
Ru
Sif Muna
Uskayaw
The Shining One

Shops:
D:4 =   D:11 !}

Annotations:
D:2 exclusion: bullfrog
D:7 3 runed translucent doors, kae's ghost, novice DDFi
D:8 2 transporters
D:10 3 runed translucent doors, Nebesus's ghost, journeyman TeFE


Innate Abilities, Weirdness & Mutations

You can spit globs of acid.
Your golden yellow scales are hard. (AC +8)
You cannot fit into any form of body armour.
You are cold-blooded and may be slowed by cold attacks.
You are resistant to acid. (rCorr)


Message History

The freezing wraith hits you but does no damage.
The freezing wraith closely misses you.
The freezing wraith completely misses you.
The freezing wraith barely misses you. The freezing wraith hits you!
The freezing wraith hits you.
* * * LOW HITPOINT WARNING * * *
The freezing wraith freezes you. You resist.
* * * LOW HITPOINT WARNING * * *
The freezing wraith closely misses you. The freezing wraith hits you!
* * * LOW HITPOINT WARNING * * *
The freezing wraith freezes you! You resist.
* * * LOW HITPOINT WARNING * * *
The freezing wraith hits you but does no damage.
The freezing wraith is no longer covered in acid.
The freezing wraith hits you!
* * * LOW HITPOINT WARNING * * *
The freezing wraith freezes you! You resist.
You die...
Your body glows with a rainbow of weird colours and disappears.

##..## ##..#
####..####
##.#....#.##
##..........##
##............#
####.............#
.
##...............##
..##
##..W@###........##
....# #..W###
###...#### #....#
#..## ##### #...#
#...# #..W###..##
#...###..##
##...###..##
###.W.....#
###....##


You could see 2 freezing wraiths.

Vanquished Creatures
  A boulder beetle (D:11)
  2 hydras
  A centaur warrior (D:11)
  3 two-headed ogres
  2 unseen horrors (D:11)
  Pikel (D:8)
  A manticore (D:11)
  A deep elf mage (D:10)
  An ugly thing (D:11)
  4 cyclopes (D:11)
  Joseph (D:7)
  A black mamba (Lair:1)
  3 cane toads (Lair:1)
  A rime drake (Lair:2)
  2 ice devils (Lair:2)
  5 komodo dragons (Lair:1)
  A merfolk (D:11)
  A troll (D:10)
  Prince Ribbit (D:8)
  Sigmund (D:4)
  14 yaks
  Grum (D:8)
  A wyvern (D:11)
  3 basilisks
  A hornet zombie (D:11)
  2 water moccasins
  3 orc warriors
  9 ice beasts
  2 black bears
  An alligator simulacrum (IceCv)
  A phantom (D:10)
  7 sky beasts
  10 wolves
  8 ogres
  4 centaurs
  A lemure (D:8)
  3 big kobolds
  13 bullfrogs
  A gnoll sergeant (D:5)
  3 scorpions
  12 killer bees
  An elephant simulacrum (IceCv)
  3 electric eels (D:10)
  8 wights
  A crimson imp (D:11)
  2 bullfrog zombies
  3 centaur zombies
  4 jellies
  3 centaur skeletons
  4 hounds
  8 orc priests
  4 gnoll shamans
  2 bullfrog skeletons
  4 iguanas (Lair:1)
  Terence (D:3)
  17 orc wizards
  11 worker ants
  A hound zombie (D:11)
  2 worker ant zombies (D:11)
  32 gnolls
  A howler monkey skeleton (D:11)
  10 adders
  3 shadow imps
  8 white imps
  2 ufetubi
  An ooze (D:2)
  An adder skeleton (D:5)
  5 worms
  3 dart slugs
  7 leopard geckos
  36 orcs
  4 ball pythons
  8 bats
  7 giant cockroaches
  5 goblins
  4 hobgoblins
  26 jackals
  22 kobolds
  4 quokkas
  10 frilled lizards
  A jackal skeleton (D:8)
  9 rats
422 creatures vanquished.

Vanquished Creatures (collateral kills)
  Harold (D:7)
  A two-headed ogre (D:11)
  An ugly thing (D:11)
  A death yak simulacrum (IceCv)
  A swamp dragon simulacrum (IceCv)
  3 jackals (D:7)
8 creatures vanquished.

Vanquished Creatures (others)
  A killer bee (D:11)
  An orc (D:11)
  A kobold (D:11)
  2 fungi
  A plant (Lair:1)
6 creatures vanquished.

Grand Total: 436 creatures vanquished

Notes
Turn   | Place    | Note
-------+----------+-------------------------------------------
     0 | D:1      | tilp the Draconian Ice Elementalist began the quest for the
                  | Orb.
     0 | D:1      | Reached XP level 1. HP: 14/14 MP: 3/3
   198 | D:1      | Reached skill level 1 in Fighting
   307 | D:1      | Reached XP level 2. HP: 18/23 MP: 0/5
   812 | D:2      | Noticed a bullfrog
  1027 | D:2      | Reached XP level 3. HP: 5/29 MP: 1/6
  1447 | D:2      | Learned a level 3 spell: Frozen Ramparts
  1491 | D:2      | Reached skill level 5 in Ice Magic
  2008 | D:2      | Found a burning altar of Makhleb.
  2205 | D:2      | Found a sparkling altar of Nemelex Xobeh.
  2238 | D:2      | Reached XP level 4. HP: 36/36 MP: 2/7
  2257 | D:2      | Became a worshipper of Nemelex Xobeh the Trickster
  2607 | D:2      | Learned a level 3 spell: Ozocubu's Armour
  2870 | D:3      | Noticed Terence
  2881 | D:3      | Killed Terence
  2882 | D:3      | Reached skill level 6 in Ice Magic
  2882 | D:3      | Reached XP level 5. HP: 41/41 MP: 3/8
  3205 | D:3      | Reached skill level 1 in Invocations
  3243 | D:4      | Reached * piety under Nemelex Xobeh
  3243 | D:4      | Noticed an ogre
  3248 | D:4      | Killed an ogre
  3281 | D:4      | Found Couley's Jewellery Emporium.
  3317 | D:4      | Received a gift from Nemelex Xobeh
  3320 | D:4      | Found a hazy altar of Hepliaklqana.
  3320 | D:4      | Noticed Sigmund
  3327 | D:4      | Reached XP level 6. HP: 47/48 MP: 6/10
  3333 | D:4      | Killed Sigmund
  3521 | D:4      | Your scales start taking on a golden yellow colour.
  3521 | D:4      | Reached XP level 7. HP: 39/56 MP: 7/13
  3521 | D:4      | Gained mutation: You are resistant to acid. (rCorr) [Yellow
                  | Draconian growth]
  3888 | D:4      | Found an opulent altar of Gozag.
  4255 | D:4      | Found a blossoming altar of Fedhas.
  4371 | D:5      | Entered Level 5 of the Dungeon
  4416 | D:5      | Found a white marble altar of Elyvilon.
  4498 | D:5      | Reached skill level 1 in Evocations
  4539 | D:5      | Learned a level 1 spell: Corona
  4541 | D:5      | Learned a level 1 spell: Apportation
  4597 | D:5      | Reached ** piety under Nemelex Xobeh
  4811 | D:5      | Reached XP level 8. HP: 66/66 MP: 10/14
  4854 | D:5      | Found a glowing golden altar of the Shining One.
  5431 | D:5      | Found a staircase to the Ecumenical Temple.
  5491 | D:5      | Reached skill level 5 in Fighting
  5877 | D:5      | Upgraded the game from 0.26-a0-1060-g086102a3f0 to
                  | 0.26-a0-1080-g4c0aae810e
  6297 | D:6      | Received a gift from Nemelex Xobeh
  6459 | D:6      | Found a shadowy altar of Dithmenos.
  6557 | D:6      | Reached *** piety under Nemelex Xobeh
  6755 | D:6      | Reached XP level 9. HP: 57/75 MP: 11/15
  7078 | D:7      | Reached skill level 5 in Invocations
  7084 | D:7      | Found a runed translucent gate.
  7096 | D:7      | Got a shimmering falchion
  7109 | D:7      | Found a runed translucent gate.
  7110 | D:7      | Found a runed translucent gate.
  7110 | D:7      | Noticed kae's ghost (novice DDFi)
  7112 | D:7      | Noticed a deep elf mage
  7205 | D:7      | Found a stormy altar of Qazlal.
  7207 | D:7      | Found a broken altar of Ashenzari.
  7221 | D:7      | Noticed Joseph
  7344 | D:7      | Received a gift from Nemelex Xobeh
  7420 | D:8      | Noticed Harold
  7431 | D:7      | Killed Harold
  7432 | D:7      | Reached skill level 8 in Ice Magic
  7432 | D:7      | Reached skill level 1 in Maces & Flails
  7498 | D:8      | Noticed Grum
  7555 | D:8      | Killed Grum
  7810 | D:8      | Found a sacrificial altar of Ru.
  7881 | D:8      | Noticed Prince Ribbit
  7897 | D:8      | Killed Prince Ribbit
  7898 | D:8      | Reached skill level 5 in Dodging
  7974 | D:8      | Reached XP level 10. HP: 86/86 MP: 12/16
  8111 | D:8      | Received a gift from Nemelex Xobeh
  8252 | D:8      | Found a transporter.
  8280 | D:8      | Found a transporter.
  8578 | D:7      | Noticed Pikel
  8626 | D:8      | Killed Pikel
  8757 | D:7      | Found a shimmering blue altar of Sif Muna.
  8763 | D:7      | Found a hide-covered altar of Uskayaw.
  9051 | D:7      | Killed Joseph
  9150 | D:7      | Found a snail-covered altar of Cheibriados.
  9626 | D:9      | Reached skill level 5 in Spellcasting
  9909 | D:9      | Received a gift from Nemelex Xobeh
 10129 | D:9      | Received a gift from Nemelex Xobeh
 10272 | D:9      | Identified the cursed +3 falchion of Pimyir {flame,
                  | *Corrode rElec rPois Dex+10} (You found it on level 7 of
                  | the Dungeon)
 10302 | D:9      | Learned a level 2 spell: Ensorcelled Hibernation
 10307 | D:9      | Learned a level 4 spell: Hailstorm
 10312 | D:9      | Learned a level 4 spell: Summon Ice Beast
 10318 | D:10     | Entered Level 10 of the Dungeon
 10414 | D:10     | Noticed a two-headed ogre
 10426 | D:10     | Killed a two-headed ogre
 10427 | D:10     | Reached skill level 9 in Ice Magic
 10549 | D:10     | Reached **** piety under Nemelex Xobeh
 10625 | D:10     | Noticed a two-headed ogre
 10632 | D:10     | Found a staircase to the Lair.
 10653 | D:10     | Killed a two-headed ogre
 10654 | D:10     | Reached XP level 11. HP: 87/94 MP: 17/20
 10756 | D:10     | Reached skill level 10 in Ice Magic
 11175 | D:10     | Received a gift from Nemelex Xobeh
 11216 | D:10     | Found a runed translucent gate.
 11216 | D:10     | Found a runed translucent gate.
 11216 | D:10     | Found a runed translucent gate.
 11221 | D:10     | Noticed Nebesus's ghost (journeyman TeFE)
 11469 | D:10     | Noticed a deep elf mage
 11476 | D:10     | Killed a deep elf mage
 11703 | D:11     | Noticed a two-headed ogre
 11710 | D:11     | Killed a two-headed ogre
 11802 | D:11     | Reached skill level 11 in Ice Magic
 12094 | D:11     | Received a gift from Nemelex Xobeh
 12094 | D:11     | Noticed a two-headed ogre
 12100 | D:11     | Noticed a green ugly thing
 12101 | D:11     | Killed an unseen horror
 12103 | D:11     | Noticed a white ugly thing
 12106 | D:11     | Reached skill level 12 in Ice Magic
 12253 | D:11     | Noticed a boulder beetle
 12253 | D:11     | Noticed a red ugly thing
 12257 | D:11     | Noticed a centaur warrior
 12265 | D:11     | Killed a red ugly thing
 12281 | D:11     | HP: 4/95 [boulder beetle (4)]
 12285 | D:11     | Killed a boulder beetle
 12287 | D:11     | Killed a centaur warrior
 12522 | D:11     | Reached XP level 12. HP: 104/105 MP: 18/21
 12621 | D:11     | Reached skill level 10 in Fighting
 12845 | D:11     | Killed a two-headed ogre
 12955 | D:11     | Found Qezygil's Gadget Emporium.
 12999 | D:11     | Noticed a five-headed hydra
 13010 | D:11     | Killed a three-headed hydra
 13280 | D:11     | Found Deschineg's Distillery.
 13282 | D:11     | Bought a potion of curing for 39 gold pieces
 13282 | D:11     | Bought a potion of curing for 39 gold pieces
 13282 | D:11     | Bought a potion of haste for 130 gold pieces
 13282 | D:11     | Bought a potion of magic for 104 gold pieces
 13282 | D:11     | Bought a potion of brilliance for 52 gold pieces
 13576 | Lair:1   | Entered Level 1 of the Lair of Beasts
 13615 | Lair:1   | Reached skill level 5 in Evocations
 13694 | Lair:1   | Noticed a seven-headed hydra
 13846 | Lair:1   | Killed a five-headed hydra
 14194 | Lair:1   | Received a gift from Nemelex Xobeh
 14476 | Lair:1   | Reached ***** piety under Nemelex Xobeh
 14613 | Lair:1   | Received a gift from Nemelex Xobeh
 14623 | Lair:1   | Reached skill level 1 in Shields
 14856 | Lair:2   | Found a frozen archway.
 15030 | IceCv    | Entered an ice cave
 15790 | IceCv    | Slain by a freezing wraith

Illustrated notes

Levels and vault maps discovered:
D:1:      lemuel_arrival_muddy, layout_rooms, st_stairs_3, minivault_24
D:2:      minmay_spotlight, layout_basic, lemuel_round_altar,
          nemelex_altar_shiori, minmay_small_reverse_x
D:3:      layout_rooms, uniq_terence
D:4:      layout_cave_pods, lemuel_round_altar, grunt_gozag_statues,
          general_overflow_altar, serial_shops, shop_statue, uniq_sigmund
D:5:      lemuel_castle_with_subvaults [lemuel_castle_interior_carwin_2],
          layout_cave_pools, old_standard_altar, minmay_temple_entry_poolview,
          grunt_ministairs_2, minmay_door_square, hangedman_decor_peaks_small,
          elyvilon_altar_5
D:6:      layout_loops_ring, grunt_dithmenos_smoke_and_mirrors
D:7:      layout_rooms, old_standard_altar, nicolae_overflow_hidden_temple,
          gammafunk_ghost_split, uniq_joseph, uniq_pikel
D:8:      layout_loops_ring, nicolae_ru_great_annihilating_truth,
          gammafunk_ghost_abyssal_escape, uniq_harold, uniq_grum,
          uniq_prince_ribbit1
D:9:      layout_roguey
D:10:     layout_loops_ring, erik_lair_island, gammafunk_ghost_necromancy,
          kennysheep_just_a_vault
D:11:     cheibrodos_ideogram_h, layout_basic, serial_shops,
          nicolae_shop_behind_doors, nicolae_shop_trees, minmay_holes,
          small_statue_alley_a, hangedman_stone_soup, dk_noncrumbling_2
Lair:1:   beast_lair_carwin_large_1, layout_gridlike
Lair:2:   layout_cave_pods, dummy_spider_entry, portal_ice_cave_demonic_guard,
          minivault_23, patterned_corridor, serial_bayou_shore_b,
          infiniplex_staircase_pool_2, serial_bayou_shore_a, lemuel_fruit_tree
IceCv:    ice_cave_small_necro

Skill      XL: |  1  2  3  4  5  6  7  8  9 10 11 12 |
---------------+-------------------------------------+-----
Fighting       | 1 2 4 6 7 8 9 10 | 10.0
Ice Magic      | 5 6 8 9 12 | 12.3
Invocations    | 2 4 6 8 |  8.0
Spellcasting   | 3 4 6 8 |  8.0
Dodging        | 2 4 5 6 8 |  8.0
Evocations     | 4 6 |  6.0
Stealth        | 2 4 |  4.0
Maces & Flails | 3 4 |  4.0
Shields        | 2 |  2.9

Action                   |  1- 3 |  4- 6 |  7- 9 | 10-12 || total
-------------------------+-------+-------+-------+-------++-------
Melee: Dagger            |    34 |     5 |       |       ||    39
       Tailslap          |     2 |     4 |    25 |    59 ||    90
       Whip              |       |    22 |   286 |   439 ||   747
       Falchion          |       |       |       |     6 ||     6
Throw: Javelin           |     6 |     6 |     3 |       ||    15
       Dart              |       |       |       |    12 ||    12
 Cast: Freeze            |    48 |    13 |    33 |    25 ||   119
       Frozen Ramparts   |     1 |     8 |    39 |    94 ||   142
       Corona            |       |       |     2 |     2 ||     4
       Hailstorm         |       |       |       |     4 ||     4
       Ensorcelled Hiber |       |       |       |     2 ||     2
       Summon Ice Beast  |       |       |       |    14 ||    14
Invok: Draw Destruction  |       |       |     1 |       ||     1
       Triple Draw       |       |       |     1 |     1 ||     2
 Abil: Breathe Acid      |       |       |     2 |    19 ||    21
Evoke: Wand              |       |       |       |     6 ||     6
  Use: Scroll            |     2 |     4 |     9 |    10 ||    25
       Potion            |     1 |       |       |     2 ||     3
 Stab: Sleeping          |     2 |     1 |    11 |     7 ||    21
       Paralysed         |       |       |     1 |       ||     1
Armor: Skin              |    21 |    15 |   119 |   148 ||   303
Dodge: Dodged            |    56 |    38 |   216 |   373 ||   683
       Repelled          |       |       |       |     9 ||     9
       Rpst.: Falchion   |       |       |       |     1 ||     1

Table legend: (Time is in decaauts)
 A = Elapsed time spent in this place.
 B = Non-inter-level travel time spent in this place.
 C = Inter-level travel time spent in this place.
 D = Time resting spent in this place.
 E = Time spent auto-exploring this place.
 F = Levels seen in this place.
 G = Mean time per level.
                   A        B        C        D        E       F      G
               +--------+--------+--------+--------+--------+-----+--------+
         Total |  15801 |  15072 |    729 |   3218 |   8473 |  14 | 1128.6 |
       Dungeon |  13599 |  13051 |    548 |   2425 |   7758 |  11 | 1236.3 |
          Lair |   1445 |   1264 |    181 |    255 |    675 |   2 |  722.5 |
      Ice Cave |    756 |    756 |      0 |    538 |     40 |   1 |  756.0 |
               +--------+--------+--------+--------+--------+-----+--------+

Top non-repeatable levels by time:
     D:2: 1991 daAuts
     D:5: 1862 daAuts
    D:10: 1844 daAuts
    D:11: 1406 daAuts
  Lair:1: 1217 daAuts
     D:8: 1165 daAuts
     D:4: 1132 daAuts
     D:9: 1127 daAuts
     D:7: 942 daAuts
     D:6: 868 daAuts
   IceCv: 756 daAuts
     D:1: 751 daAuts
     D:3: 505 daAuts
  Lair:2: 228 daAuts
